NYP
SALEM-KEIZER VOLCANOES @ BROOKLYN CYCLONES
08/02/2049
 
TOP OF THE 1ST
Salem-Keizer Volcanoes batting - Pitching for Brooklyn Cyclones : RHP Ethan Massey
Pitching: RHP Ethan Massey
Batting: LHB Joe Hoover 0-0: Ball
1-0: Swinging Strike
1-1: Swinging Strike
1-2: Foul Ball, location: 2F
1-2: Foul Ball, location: 2F
1-2: Foul Ball, location: 2F
1-2: Foul Ball, location: 2F
1-2: Hit by Pitch
Batting: LHB Tom Reynolds 0-0: Called Strike
0-1: Foul Ball, location: 2F
0-2: Ball
1-2: Grounds into double play, 6-4-3 (Groundball, 6, EV 101.2 MPH)
Batting: LHB Ben Radach 0-0: Ball
1-0: Called Strike
1-1: Called Strike
1-2: Ball
2-2: Fly out, F8 (Flyball, 8LXD, EV 93.8 MPH)
Top of the 1st over - 0 runs, 0 hits, 0 errors, 0 left on base; Salem-Keizer 0 - Brooklyn 0
BOTTOM OF THE 1ST
Brooklyn Cyclones batting - Pitching for Salem-Keizer Volcanoes : RHP Allen Vesey
Pitching: RHP Allen Vesey
Batting: RHB Prabhukumar Santhanakrishnan 0-0: Ball
1-0: Ball
2-0: Swinging Strike
2-1: Ball
3-1: TRIPLE (Flyball, 89XD, EV 103.8 MPH)
Batting: LHB Elmo Dreier 0-0: Foul Ball, location: 2F
0-1: Ball
1-1: SINGLE (Groundball, 6MD, EV 96.2 MPH)
Prabhukumar Santhanakrishnan scores
Batting: RHB Sang-ton Pak 0-0: Ball
1-0: Called Strike
Elmo Dreier steals 2nd base
1-1: Foul Ball, location: 2F
1-2: Ball
2-2: Foul Ball, location: 2F
2-2: DOUBLE (Line Drive, 9LM, EV 100.6 MPH)
Elmo Dreier scores
Batting: RHB Rich Cracchiolo 0-0: Ball
Sang-ton Pak steals 3rd base (no throw)
1-0: Foul Ball, location: 2F
1-1: Ball
2-1: Foul Ball, location: 2F
2-2: SINGLE (Line Drive, 6M, EV 106.2 MPH)
Sang-ton Pak scores
Batting: LHB Matt Baker 0-0: Called Strike
0-1: SINGLE (Line Drive, 7LS, EV 106.2 MPH)
Rich Cracchiolo to second
Batting: RHB Victor Reyes 0-0: Swinging Strike
0-1: Grounds into double play, 5-4-3 (Groundball, 5, EV 85.6 MPH)
Rich Cracchiolo to third
Batting: RHB Matt Tittle 0-0: Ball
1-0: Ball
2-0: Fly out, F6 (Line Drive, 6M, EV 76.2 MPH)
Bottom of the 1st over - 3 runs, 5 hits, 0 errors, 1 left on base; Salem-Keizer 0 - Brooklyn 3
TOP OF THE 2ND
Salem-Keizer Volcanoes batting - Pitching for Brooklyn Cyclones : RHP Ethan Massey
Batting: RHB Mario Saez 0-0: Ball
1-0: Foul Ball, location: 2F
1-1: Ball
2-1: Foul Ball, location: 2F
2-2: DOUBLE (Groundball, 3L, EV 105.0 MPH)
Batting: LHB Mike Sammons 0-0: Called Strike
0-1: Swinging Strike
0-2: Ball
1-2: Strikes out swinging
Batting: LHB Adrian Navarro 0-0: Ball
1-0: Swinging Strike
1-1: Ball
2-1: Called Strike
2-2: Foul Ball, location: 2F
2-2: Foul Ball, location: 2F
2-2: Foul Ball, location: 2F
2-2: Strikes out swinging
Batting: LHB Chris Raymond 0-0: Foul Ball, location: 2F
0-1: Ball
1-1: Swinging Strike
1-2: Strikes out swinging
Top of the 2nd over - 0 runs, 1 hit, 0 errors, 1 left on base; Salem-Keizer 0 - Brooklyn 3
BOTTOM OF THE 2ND
Brooklyn Cyclones batting - Pitching for Salem-Keizer Volcanoes : RHP Allen Vesey
Batting: SHB Salvador Gomez 0-0: Swinging Strike
0-1: Called Strike
0-2: Ground out 4-3 (Groundball, 4, EV 81.9 MPH)
Batting: RHB Jack Nickleberry 0-0: Ball
1-0: Ball
2-0: Foul Ball, location: 2F
2-1: Foul Ball, location: 2F
2-2: Strikes out looking
Batting: RHB Prabhukumar Santhanakrishnan 0-0: Ball
1-0: Foul Ball, location: 2F
1-1: Foul Ball, location: 2F
1-2: Fly out, F8 (Flyball, 8RXD, EV 91.2 MPH)
Bottom of the 2nd over - 0 runs, 0 hits, 0 errors, 0 left on base; Salem-Keizer 0 - Brooklyn 3
TOP OF THE 3RD
Salem-Keizer Volcanoes batting - Pitching for Brooklyn Cyclones : RHP Ethan Massey
Batting: RHB Matt Fabre 0-0: Called Strike
0-1: Ball
1-1: Ball
2-1: Ball
3-1: Base on Balls
Batting: SHB Curtis Thompson 0-0: Hit by Pitch
Matt Fabre to second
Batting: LHB Joe Hoover 0-0: Called Strike
0-1: Ball
1-1: Called Strike
1-2: SINGLE (Groundball, 4D, EV 104.4 MPH)
Matt Fabre to third
Curtis Thompson to second
Runner from 3rd tries for Home, SAFE, throw by CF to home
Batting: LHB Tom Reynolds 0-0: Ball
1-0: Ball
2-0: Called Strike
2-1: Ball
3-1: Swinging Strike
3-2: Foul Ball, location: 2F
3-2: Base on Balls
Curtis Thompson to third
Joe Hoover to second
Batting: LHB Ben Radach 0-0: Called Strike
0-1: Foul Ball, location: 2F
0-2: DOUBLE (Line Drive, 7LS, EV 100.6 MPH)
Curtis Thompson scores
Joe Hoover scores
Tom Reynolds to third
Batting: RHB Mario Saez 0-0: Swinging Strike
0-1: Foul Ball, location: 2F
0-2: Ball
1-2: Ball
2-2: Ball
3-2: Fly out, F7 (Flyball, 7, EV 88.1 MPH)
Runner from 3rd tags up, SCORES, throw by LF
Batting: LHB Mike Sammons 0-0: Ball
1-0: Ball
Wild Pitch!
Ben Radach to third
2-0: Ball
3-0: Called Strike
3-1: Base on Balls
Batting: LHB Adrian Navarro 0-0: Foul Ball, location: 2F
0-1: Called Strike
0-2: Ball
1-2: Ball
2-2: Ball
3-2: Foul Ball, location: 2F
3-2: Fly out, F6 (Popup, 56, EV 65.0 MPH)
Batting: LHB Chris Raymond 0-0: 3-RUN HOME RUN (Flyball, 7D, EV 94.4 MPH), Distance : 366 ft
Pitching: RHP Jason Jones
Batting: RHB Matt Fabre 0-0: Ball
1-0: Foul Ball, location: 2F
1-1: Called Strike
1-2: Strikes out swinging
Top of the 3rd over - 7 runs, 3 hits, 0 errors, 0 left on base; Salem-Keizer 7 - Brooklyn 3
BOTTOM OF THE 3RD
Brooklyn Cyclones batting - Pitching for Salem-Keizer Volcanoes : RHP Allen Vesey
Batting: LHB Elmo Dreier 0-0: Ball
1-0: Foul Ball, location: 2F
1-1: Called Strike
1-2: Ball
2-2: Ball
3-2: Ground out 6-3 (Groundball, 6, EV 108.8 MPH)
Batting: RHB Sang-ton Pak 0-0: Swinging Strike
0-1: Called Strike
0-2: Strikes out swinging
Batting: RHB Rich Cracchiolo 0-0: Ground out 5-3 (Groundball, 5L, EV 86.2 MPH)
Bottom of the 3rd over - 0 runs, 0 hits, 0 errors, 0 left on base; Salem-Keizer 7 - Brooklyn 3
TOP OF THE 4TH
Salem-Keizer Volcanoes batting - Pitching for Brooklyn Cyclones : RHP Jason Jones
Batting: SHB Curtis Thompson 0-0: Ball
1-0: Ball
2-0: Foul Ball, location: 2F
2-1: Foul Ball, location: 2F
2-2: Ball
3-2: Strikes out swinging
Batting: LHB Joe Hoover 0-0: Called Strike
0-1: Foul Ball, location: 2F
0-2: Foul Ball, location: 2F
0-2: Ball
1-2: TRIPLE (Flyball, 78XD, EV 98.1 MPH)
Batting: LHB Tom Reynolds 0-0: Ball
1-0: Called Strike
1-1: Ground out 5-3 (Groundball, 56D, EV 103.8 MPH)
Joe Hoover scores
Batting: LHB Ben Radach 0-0: Ball
1-0: Ball
2-0: Ball
3-0: Called Strike
3-1: Foul Ball, location: 2F
3-2: Foul Ball, location: 2F
3-2: Strikes out looking
Top of the 4th over - 1 run, 1 hit, 0 errors, 0 left on base; Salem-Keizer 8 - Brooklyn 3
BOTTOM OF THE 4TH
Brooklyn Cyclones batting - Pitching for Salem-Keizer Volcanoes : RHP Allen Vesey
Batting: LHB Matt Baker 0-0: Ball
1-0: Called Strike
1-1: DOUBLE (Groundball, 5D, EV 96.9 MPH)
Batting: RHB Victor Reyes 0-0: SINGLE (Line Drive, 9S, EV 105.6 MPH)
Matt Baker to third
Runner from 3rd tries for Home, SAFE, throw by RF to home
Batting: RHB Matt Tittle 0-0: Ball
1-0: Called Strike
1-1: Fly out, F7 (Flyball, 7LS, EV 87.5 MPH)
Batting: SHB Salvador Gomez 0-0: Fielders Choice at 2nd, 5-4 (Groundball, 56, EV 86.9 MPH)
Batting: RHB Jack Nickleberry 0-0: Ball
1-0: Ball
2-0: Ball
3-0: Called Strike
3-1: Fielders Choice at 2nd, 5-4 (Groundball, 56, EV 88.8 MPH)
Bottom of the 4th over - 1 run, 2 hits, 0 errors, 1 left on base; Salem-Keizer 8 - Brooklyn 4
TOP OF THE 5TH
Salem-Keizer Volcanoes batting - Pitching for Brooklyn Cyclones : RHP Jason Jones
Batting: RHB Mario Saez 0-0: Ball
1-0: Swinging Strike
1-1: Called Strike
1-2: Strikes out looking
Batting: LHB Mike Sammons 0-0: Ball
1-0: SOLO HOME RUN (Flyball, 78XD, EV 108.1 MPH), Distance : 408 ft
Batting: LHB Adrian Navarro 0-0: Ball
1-0: Foul Ball, location: 2F
1-1: Called Strike
1-2: Strikes out swinging
Batting: LHB Chris Raymond 0-0: Called Strike
0-1: Ball
1-1: Ground out U3 (Groundball, 3D, EV 110.0 MPH)
Top of the 5th over - 1 run, 1 hit, 0 errors, 0 left on base; Salem-Keizer 9 - Brooklyn 4
BOTTOM OF THE 5TH
Brooklyn Cyclones batting - Pitching for Salem-Keizer Volcanoes : RHP Allen Vesey
Batting: RHB Prabhukumar Santhanakrishnan 0-0: Ground out 6-3 (Groundball, 56, EV 101.2 MPH)
Batting: LHB Elmo Dreier 0-0: Fly out, F6 (Line Drive, 6, EV 67.5 MPH)
Batting: RHB Sang-ton Pak 0-0: Reached on error, E6 (Groundball, 6, EV 101.9 MPH)
Batting: RHB Rich Cracchiolo 0-0: Ground out 5-3 (Groundball, 56, EV 100.6 MPH)
Bottom of the 5th over - 0 runs, 0 hits, 1 error, 1 left on base; Salem-Keizer 9 - Brooklyn 4
TOP OF THE 6TH
Salem-Keizer Volcanoes batting - Pitching for Brooklyn Cyclones : RHP Jason Jones
Batting: RHB Matt Fabre 0-0: Ball
1-0: Called Strike
1-1: Ball
2-1: Called Strike
2-2: Ball
3-2: Base on Balls
Batting: SHB Curtis Thompson 0-0: Ball
1-0: Ball
2-0: Called Strike
2-1: Foul Ball, location: 2F
2-2: Strikes out looking
Batting: LHB Joe Hoover 0-0: Ball
Matt Fabre is caught stealing 2nd base 2-6
1-0: Foul Ball, location: 2F
1-1: Called Strike
1-2: Fly out, F7 (Line Drive, 7LM, EV 97.5 MPH)
Top of the 6th over - 0 runs, 0 hits, 0 errors, 0 left on base; Salem-Keizer 9 - Brooklyn 4
BOTTOM OF THE 6TH
Brooklyn Cyclones batting - Pitching for Salem-Keizer Volcanoes : RHP Allen Vesey
Batting: LHB Matt Baker 0-0: Ball
1-0: Fly out, F8 (Line Drive, 8LD, EV 89.4 MPH)
Batting: RHB Victor Reyes 0-0: Called Strike
0-1: Ball
1-1: Fly out, F9 (Line Drive, 9S, EV 94.4 MPH)
Batting: RHB Matt Tittle 0-0: Called Strike
0-1: Ball
1-1: Foul Ball, location: 2F
1-2: SINGLE (Groundball, 34D, EV 101.9 MPH)
Batting: SHB Salvador Gomez 0-0: Ball
1-0: Swinging Strike
1-1: Fielders Choice at 2nd, U4 (Groundball, 4M, EV 83.8 MPH)
Bottom of the 6th over - 0 runs, 1 hit, 0 errors, 1 left on base; Salem-Keizer 9 - Brooklyn 4
TOP OF THE 7TH
Salem-Keizer Volcanoes batting - Pitching for Brooklyn Cyclones : RHP Jason Jones
Batting: LHB Tom Reynolds 0-0: Foul Ball, location: 2F
0-1: Ball
1-1: Ball
2-1: Called Strike
2-2: Ball
3-2: DOUBLE (Line Drive, 3D, EV 99.4 MPH)
Pitching: LHP Dan Clausing
Batting: LHB Ben Radach 0-0: Ball
1-0: SINGLE (Flyball, 6D, EV 88.8 MPH) - OUT at second base trying to stretch hit.
Tom Reynolds scores
Batting: RHB Mario Saez 0-0: Called Strike
0-1: Foul Ball, location: 2F
0-2: Ball
1-2: Foul Ball, location: 2F
1-2: Ground out 6-3 (Groundball, 56, EV 86.2 MPH)
Batting: LHB Mike Sammons 0-0: Called Strike
0-1: Called Strike
0-2: Ball
1-2: Ball
2-2: Foul Ball, location: 2F
2-2: Strikes out swinging, 2-3 out at first.
Top of the 7th over - 1 run, 2 hits, 0 errors, 0 left on base; Salem-Keizer 10 - Brooklyn 4
BOTTOM OF THE 7TH
Brooklyn Cyclones batting - Pitching for Salem-Keizer Volcanoes : RHP Allen Vesey
Batting: RHB Jack Nickleberry 0-0: Ball
1-0: Foul Ball, location: 2F
1-1: SINGLE (Groundball, 56D, EV 110.6 MPH)
Batting: RHB Prabhukumar Santhanakrishnan 0-0: Ball
1-0: Called Strike
1-1: Fielders Choice at 2nd, 6-4 (Groundball, 6, EV 101.2 MPH)
Batting: LHB Elmo Dreier 0-0: Ball
1-0: Ball
2-0: Called Strike
2-1: Fly out, F7 (Flyball, 7LM, EV 99.4 MPH)
Pitching: RHP Joaquin Villalobos
Batting: RHB Sang-ton Pak 0-0: Foul Ball, location: 2F
0-1: Called Strike
Prabhukumar Santhanakrishnan steals 2nd base
0-2: Ball
1-2: DOUBLE (Line Drive, 7LM, EV 98.1 MPH)
Prabhukumar Santhanakrishnan scores
Batting: RHB Rich Cracchiolo 0-0: Ball
1-0: Called Strike
1-1: Ground out 5-3 (Groundball, 56, EV 86.2 MPH)
Bottom of the 7th over - 1 run, 2 hits, 0 errors, 1 left on base; Salem-Keizer 10 - Brooklyn 5
TOP OF THE 8TH
Salem-Keizer Volcanoes batting - Pitching for Brooklyn Cyclones : LHP Dan Clausing
Now at 3B: Callum Lynch
Batting: LHB Adrian Navarro 0-0: Called Strike
0-1: Ball
1-1: Ball
2-1: Swinging Strike
2-2: Ball
3-2: Base on Balls
Batting: LHB Chris Raymond 0-0: Called Strike
0-1: Ball
Wild Pitch!
Adrian Navarro to second
1-1: Ball
2-1: 2-RUN HOME RUN (Flyball, 9LD, EV 95.6 MPH), Distance : 342 ft
Pinch Hitting: RHB Teruhide Horiuchi 0-0: Ball
1-0: Foul Ball, location: 2F
1-1: Ball
2-1: Swinging Strike
2-2: Strikes out swinging, 2-3 out at first.
Pinch Hitting: LHB Santiago Chavira 0-0: Called Strike
0-1: Swinging Strike
0-2: Hit by Pitch
Batting: LHB Joe Hoover 0-0: Called Strike
Santiago Chavira steals 2nd base
0-1: Ground out 1-3 (Groundball, 13S, EV 65.0 MPH)
Santiago Chavira to third
Batting: LHB Tom Reynolds 0-0: Foul Ball, location: 2F
0-1: Called Strike
0-2: Foul Ball, location: 2F
0-2: Reached via error on a dropped throw from 2B, E3 (Groundball, 4, EV 81.2 MPH)
Santiago Chavira scores
Batting: LHB Ben Radach 0-0: Ball
Passed Ball!
Tom Reynolds to second
1-0: Ball
2-0: Ball
3-0: Called Strike
3-1: Foul Ball, location: 2F
3-2: Strikes out swinging
Top of the 8th over - 3 runs, 1 hit, 1 error, 1 left on base; Salem-Keizer 13 - Brooklyn 5
BOTTOM OF THE 8TH
Brooklyn Cyclones batting - Pitching for Salem-Keizer Volcanoes : RHP Joaquin Villalobos
Now at 2B: Santiago Chavira
Now at 3B: Teruhide Horiuchi
Pinch Hitting: RHB Tom Primmer 0-0: Called Strike
0-1: Ground out 4-3 (Groundball, 34, EV 97.5 MPH)
Batting: RHB Victor Reyes 0-0: Called Strike
0-1: Swinging Strike
0-2: Strikes out swinging, 2-3 out at first.
Batting: RHB Matt Tittle 0-0: Foul Ball, location: 2F
0-1: Ball
1-1: Swinging Strike
1-2: Foul Ball, location: 2F
1-2: Strikes out swinging
Bottom of the 8th over - 0 runs, 0 hits, 0 errors, 0 left on base; Salem-Keizer 13 - Brooklyn 5
TOP OF THE 9TH
Salem-Keizer Volcanoes batting - Pitching for Brooklyn Cyclones : LHP Dan Clausing
Now in LF: Tom Primmer
Now in RF: Rich Cracchiolo
Batting: RHB Mario Saez 0-0: Hit by Pitch
Pinch Hitting: SHB Hugo Moreno 0-0: Ball
1-0: Ball
2-0: Ball
3-0: Base on Balls
Mario Saez to second
Pitching: RHP Justin Williams
Batting: LHB Adrian Navarro 0-0: Ball
1-0: Foul Ball, location: 2F
1-1: SINGLE (Groundball, 34D, EV 102.5 MPH)
Mario Saez to third
Hugo Moreno to second
Runner from 3rd tries for Home, throw by RF and OUT! 9-2
Hugo Moreno to third
Adrian Navarro to second
Batting: LHB Chris Raymond 0-0: Ball
1-0: Ball
2-0: Foul Ball, location: 2F
2-1: Ball
3-1: Foul Ball, location: 2F
3-2: Base on Balls
Batting: RHB Teruhide Horiuchi 0-0: Ball
1-0: Ground out U3 (Groundball, 3S, EV 67.5 MPH)
Hugo Moreno scores
Adrian Navarro to third
Chris Raymond to second
Batting: LHB Santiago Chavira 0-0: Ground out 6-3 (Groundball, 56, EV 101.9 MPH)
Top of the 9th over - 1 run, 1 hit, 0 errors, 2 left on base; Salem-Keizer 14 - Brooklyn 5
BOTTOM OF THE 9TH
Brooklyn Cyclones batting - Pitching for Salem-Keizer Volcanoes : RHP Joaquin Villalobos
Now at C: Hugo Moreno
Batting: SHB Salvador Gomez 0-0: Fly out, F7 (Flyball, 7LS, EV 85.0 MPH)
Batting: SHB Callum Lynch 0-0: Called Strike
0-1: Fly out, F7 (Line Drive, 7, EV 87.5 MPH)
Batting: RHB Prabhukumar Santhanakrishnan 0-0: Called Strike
0-1: Foul Ball, location: 2F
0-2: Ball
1-2: Foul Ball, location: 2F
1-2: Foul Ball, location: 2F
1-2: Strikes out swinging
Bottom of the 9th over - 0 runs, 0 hits, 0 errors, 0 left on base; Salem-Keizer 14 - Brooklyn 5
Sunday, July 16th , 2023 - OOTP Baseball 24.6 Build 69